 Dungeon Crawl Stone Soup version 0.31-a0-175-g9f7f995f2b (webtiles) character file.

Game seed: 5379914021468962674

171 qw the Shooter (level 5, -3/32 HPs)
             Began as a Gargoyle Hunter on June 16, 2023.
             Shot with an arrow by a centaur (6 damage)
             ... on level 4 of the Dungeon.
             The game lasted 00:01:04 (2172 turns).

qw the Shooter (Gargoyle Hunter)                    Turns: 2172, Time: 00:01:04

Health: -3/32      AC:  9    Str: 15    XL:     5   Next: 51%
Magic:  5/5        EV: 11    Int:  9    God:
Gold:   249        SH:  0    Dex: 15    Spells: 4/4 levels left

rFire   . . .        Y - +0 shortbow
rCold   . . .        (shield currently unavailable)
rNeg    + . .        c - +0 leather armour
rPois   inf          (no helmet)
rElec   +            (no cloak)
rCorr   .            d - +1 pair of gloves
SInv    .            (no boots)
Will    .....        (no amulet)
Stlth   ++           (no ring)
HPRegen 0.25/turn    (no ring)
MPRegen 0.09/turn

%: no passive effects
@: no status effects
A: sickness immunity, AC +4, negative energy resistance 1, electricity
resistance, torment resistance 1, petrification resistance
a: no special abilities


You were on level 4 of the Dungeon.
You visited 2 branches of the dungeon, and saw 5 of its levels.

You collected 249 gold pieces.


Innate Abilities, Weirdness & Mutations

You are immune to sickness and miasma.
Your stone body is resilient. (AC +4)
You are immune to poison.
You resist negative energy. (rN+)
You are resistant to electric shocks. (rElec)
You are resistant to unholy torment.
You are immune to petrification.


   Skills:
 + Level 3.0 Fighting
 - Level 6.0 Ranged Weapons
 - Level 1.8 Armour
 - Level 1.5 Dodging
 - Level 1.1 Stealth


You had 4 spell levels left.
You didn't know any spells.
Your spell library was empty.

Inventory:

Hand Weapons
 Y - a +0 shortbow (weapon)
Armour
 c - a +0 leather armour (worn)
 d - a +1 pair of gloves (worn)
Scrolls
 f - a scroll of identify
Potions
 a - a potion of degeneration {unknown}
 b - a potion of might {unknown}

Dungeon Overview and Level Annotations

Branches:
Dungeon (4/15)             Temple (1/1) D:4

Altars:
Ashenzari
Gozag
Hepliaklqana
Makhleb
Nemelex Xobeh
Ru
Wu Jian
Yredelemnul
Zin


Message History

There is an open door here.
Found a stone staircase leading down.
You open the door.
There is an open door here.
A centaur comes into view.
The centaur shouts!
The centaur wields a +0 shortbow.
The centaur shoots an arrow.
The arrow hits you!
Enter note:
Enter note: You shoot an arrow.
The arrow hits the centaur but does no damage.
The centaur shoots an arrow.
The arrow barely misses you.
You shoot an arrow. The arrow barely misses the centaur.
A hobgoblin comes into view. It is carrying a wand of flame (20).
The hobgoblin moves out of view.
You shoot an arrow. The arrow hits the centaur.
The centaur is lightly wounded.
The centaur shoots an arrow.
The arrow hits you but does no damage.
You shoot an arrow. The hobgoblin shouts!
The arrow hits the centaur!
The centaur is heavily wounded.
The centaur shoots an arrow.
The arrow hits you.
You shoot an arrow. The arrow hits the centaur.
The centaur is heavily wounded.
The centaur shoots an arrow.
The arrow hits you.
A worm comes into view.
You shoot an arrow. The arrow barely misses the centaur.
The centaur shoots an arrow.
The arrow barely misses you.
The hobgoblin zaps a wand.
The puff of flame hits you.
You shoot an arrow.
The arrow hits the centaur but does no damage.
The centaur is heavily wounded.
The centaur shoots an arrow.
The arrow misses you.
The centaur shoots an arrow.
The arrow hits you!
You shoot an arrow. The arrow barely misses the centaur.
The centaur shoots an arrow.
The arrow hits you.
The centaur shoots an arrow.
The arrow hits you.
You die...

####### ###### #..#...
##....## .......
#......# ..w....
#......# .......
#####.....# #.....
#..##.....#
.#...g.##..##....##
.......@...##.....####..
.......###'##..........#
.#.##.c #..##.....##..##
##..##...'.....#..##.
........##....##.##..
..<.##..##..........#
..>.. #..##.....#..8..
####.. #..............#
#..##....##.##..


You could see a centaur, a worm and a hobgoblin.

Vanquished Creatures
  A hound (D:3)
  Jessica (D:2)
  2 adders (D:3)
  A worm (D:2)
  4 dart slugs
  An orc (D:3)
  11 bats
  5 endoplasms
  4 giant cockroaches
  13 goblins
  9 hobgoblins
  4 kobolds
  2 quokkas
  5 ball pythons
  11 frilled lizards
  7 rats
81 creatures vanquished.

Notes
Turn   | Place    | Note
-------+----------+-------------------------------------------
     0 | D:1      | qw the Gargoyle Hunter began the quest for the Orb.
     0 | D:1      | Reached XP level 1. HP: 12/12 MP: 1/1
     0 | D:1      | 0 ||| qw: Version: 0.2-a-29-g511e9b1
     0 | D:1      | 0 ||| qw: Game counter: 5646
     0 | D:1      | 0 ||| qw: Always use a shield: true
     0 | D:1      | 0 ||| qw: God list: Okawaru
     0 | D:1      | 0 ||| qw: Allow faded altars: false
     0 | D:1      | 0 ||| qw: Do Orc after D:15 true
     0 | D:1      | 0 ||| qw: Do second Lair branch before Depths: true
     0 | D:1      | 0 ||| qw: Lair rune preference: random
     0 | D:1      | 0 ||| qw: Plans: Normal, Zot:1-4, Slime:5, God:TSO, Crypt,
                  | Tomb, Abyss, Pan, Hells, Win
     0 | D:1      | 0 ||| PLANNING D:1-11
   130 | D:1      | Reached XP level 2. HP: 17/17 MP: 2/2
   180 | D:1      | Found a faded altar of an unknown god.
   182 | D:1      | 182 ||| Stepping ~*~*~tactically~*~*~ (outnumbered).
   367 | D:1      | Reached XP level 3. HP: 18/21 MP: 3/3
   372 | D:1      | Reached skill level 5 in Ranged Weapons
   788 | D:1      | 788 ||| UPGRADING to +1 pair of gloves.
   793 | D:1      | 793 ||| READING scroll labelled LINWER KADIZ.
   796 | D:1      | 796 ||| READING scroll labelled JID ZUCEDA.
   797 | D:1      | 797 ||| READING 2 scrolls labelled VUDGHO POROATES DAO.
   798 | D:1      | 798 ||| READING scroll labelled NOUCRU SITA.
   799 | D:1      | 799 ||| DROPPING scroll of butterflies.
   800 | D:1      | 800 ||| DROPPING scroll of revelation.
   824 | D:2      | 824 ||| STAIRDANCE
   862 | D:2      | Reached skill level 3 in Fighting
   907 | D:2      | Reached XP level 4. HP: 28/28 MP: 4/4
  1215 | D:2      | Noticed Jessica
  1221 | D:2      | Killed Jessica
  1396 | D:2      | 1396 ||| READING scroll labelled DODUFO ZASSOZ.
  1397 | D:2      | 1397 ||| READING scroll labelled RILIJ LITHA.
  1404 | D:3      | Found an ornate altar of the Wu Jian Council.
  1449 | D:3      | Found a sacrificial altar of Ru.
  1572 | D:3      | Reached XP level 5. HP: 29/32 MP: 5/5
  1744 | D:3      | Reached skill level 6 in Ranged Weapons
  2009 | D:3      | 2009 ||| READING scroll labelled TUAC GACKA.
  2042 | D:4      | Found a staircase to the Ecumenical Temple.
  2043 | D:4      | 2043 ||| PLANNING TEMPLE
  2043 | D:4      | 2043 ||| STAIRDANCE
  2047 | D:4      | 2047 ||| STAIRDANCE
  2071 | D:4      | 2071 ||| STAIRDANCE
  2083 | D:3      | Reached skill level 1 in Armour
  2093 | Temple   | Entered the Ecumenical Temple
  2106 | Temple   | 2106 ||| PLANNING D:1-11
  2164 | D:4      | Noticed a centaur
  2172 | D:4      | HP: 3/32 [centaur/arrow (6)]
  2172 | D:4      | Shot with an arrow by a centaur

Levels and vault maps discovered:
D:1:      lordsloth_arrival_two_stooges, layout_basic,
          dreamdust_ecumenical_altar_hidden_monk_grotto, minmay_lizard_king
D:2:      cheibrodos_greedy_goblins, layout_rooms, uniq_jessica
D:3:      layout_loops_cross, nicolae_ru_sacrificial_ziggurat,
          nicolae_wu_jian_wuxing_cycle
D:4:      layout_gridville, vehumet_altar_wand_db, minmay_temple_entry_waves,
          pf_guarded_unrand_woodcutter
Temple:   hellmonk_temple_two_chambers

Skill      XL: |  1  2  3  4  5 |
---------------+----------------+-----
Ranged Weapons | 5 6 |  6.0
Fighting       | 3 |  3.0
Armour         | 1 |  1.8
Dodging        | |  1.5
Stealth        | |  1.1

Action                     |  1- 3 |  4- 6 || total
---------------------------+-------+-------++-------
   Fire: Shortbow          |   134 |   118 ||   252
    Use: Scroll            |     4 |     3 ||     7
 Armour: Leather armour    |    40 |    36 ||    76
  Dodge: Dodged            |    55 |    33 ||    88

Table legend:
 A = Non-vault XP
 B = Vault XP
 C = Vault XP percentage of total XP
 D = Non-vault monster count
 E = Vault monster count
 F = Vault count percentage of total count
                 A         B        C        D         E       F
            +---------+---------+-------+---------+---------+-------
      Total |     184 |      61 |  24.9 |      64 |      17 |  21.0
            +---------+---------+-------+---------+---------+-------
        D:1 |      56 |       8 |  12.5 |      28 |       8 |  22.2
        D:2 |      37 |      53 |  58.9 |      20 |       9 |  31.0
        D:3 |      87 |       0 |   0.0 |      14 |       0 |   0.0
        D:4 |       4 |       0 |   0.0 |       2 |       0 |   0.0
            +---------+---------+-------+---------+---------+-------
